 Dungeon Crawl Stone Soup version 0.30-a0-359-gd0147acb1a (webtiles) character file.

Game seed: 14640560204933579222

14 KarmaKiller the Conjurer (level 2, -7/9 (18) HPs)
             Began as a Gargoyle Reaver on Nov 11, 2022.
             Mangled by an ogre
             ... wielding a +0 giant club
              (12 damage)
             ... on level 2 of the Dungeon.
             The game lasted 00:14:40 (2036 turns).

KarmaKiller the Conjurer (Gargoyle Reaver)          Turns: 2036, Time: 00:14:42

HP:   -7/9 (18)     AC:  6    Str: 15    XL:     2   Next: 41%
MP:   3/5           EV:  8    Int: 13    God:
Gold: 24            SH:  0    Dex:  8    Spells: 0/5 levels left

rFire   + . .      SeeInvis .    j - staff of fire
rCold   . . .      Faith    .    (no shield)
rNeg    + . .      Spirit   .    b - +1 leather armour
rPois   ∞          Reflect  .    (no helmet)
rElec   +          Harm     .    (no cloak)
rCorr   .          Rampage  .    (no gloves)
Will    .....                    (no boots)
Stlth   +.........               (no amulet)
HPRegen 0.21/turn                (no ring)
MPRegen 0.09/turn                (no ring)

@: very slightly contaminated, constricted, extremely drained
A: sickness immunity, AC +2, negative energy resistance 1, electricity
resistance, torment resistance 1, petrification resistance
a: no special abilities


You were on level 2 of the Dungeon.
You visited 1 branch of the dungeon, and saw 2 of its levels.

You collected 24 gold pieces.

Inventory:

Hand Weapons
 a - a +0 mace
Missiles
 c - 5 poisoned darts
Armour
 b - a +1 leather armour (worn)
Magical Staves
 j - a staff of fire (weapon)
Scrolls
 d - a scroll of blinking
 e - a scroll of fear {unknown}
Potions
 f - a potion of flight {unknown}
 g - a potion of attraction
 h - a potion of curing {unknown}
 i - a potion of berserk rage
 k - 2 potions of might {unknown}
 l - a potion of resistance {unknown}


   Skills:
 + Level 2.3 Fighting
 + Level 3.2 Maces & Flails
 + Level 1.6 Dodging
 + Level 2.1 Spellcasting
 + Level 3.6 Conjurations


You couldn't memorise any spells.
You knew the following spells:

 Your Spells              Type           Power      Damage    Failure   Level
a - Kiss of Death         Conj/Necr      24%        2d7       14%         1
b - Momentum Strike       Conj/Tloc      12%        3d8       22%         2
c - Scorch                Fire           4%         2d5       43%         2

Your spell library contained the following spells:

 Spells                   Type           Power      Damage    Failure   Level
 Hailstorm                Conj/Ice       6%         3d4       41%         3
 Poisonous Vapours        Pois/Air       2%         N/A       43%         2
 Mephitic Cloud           Conj/Pois/Air  4%         N/A       50%         3
 Flame Wave               Conj/Fire      9%         2d6       82%         4
 Cause Fear               Hex            0%         N/A       97%         4
 Summon Cactus Giant      Summ           0%         N/A       100%        6
 Dragon Form              Tmut           0%         N/A       100%        7
 Dragon's Call            Summ           0%         N/A       100%        9
 Cigotuvi's Dreadful Rot  Necr/Pois/Air  Unusable   N/A       N/A         2

Dungeon Overview and Level Annotations

Branches:
Dungeon (2/15)

Altars:

Shops:
D:2 !


Innate Abilities, Weirdness & Mutations

You are immune to sickness and miasma.
Your stone body is resilient. (AC +2)
You are immune to poison.
You resist negative energy. (rN+)
You are resistant to electric shocks. (rElec)
You are resistant to unholy torment.
You are immune to petrification.


Message History

Done waiting.
You enter the shallow water.
Moving in this stuff is going to be slow.
Found a war axe.
An ogre and a goblin come into view.
The ogre shouts!
A dart slug and a worm come into view.
Found a stone staircase leading down.
A ball python comes into view.
Found 14 gold pieces.
The dart slug launches a dart at you. The slug dart misses you.
Casting: Momentum Strike (safe; 22% risk of failure)
Confirm with . or Enter, or press ? or * to list all spells.
The spell is astonishingly dangerous to miscast (43% risk of failure)!
Continue anyway?
You feel a surge of power!
You miscast Scorch.
You are very lightly contaminated with residual magic.
Nothing appears to happen.
The ball python hisses angrily.
You hear a shout!
You closely miss the goblin. The goblin barely misses you.
A quokka comes into view.
The goblin attacks as you move away! The goblin hits you but does no damage.
You miss the goblin.
A kobold comes into view. It is wielding a +0 club.
The goblin closely misses you.
You miss the goblin. The ogre closely misses you.
The goblin hits you with a +0 dagger.
You barely miss the goblin.
A kobold comes into view. It is wielding a +0 short sword.
The goblin hits you but does no damage. The ball python closely misses you.
The ball python barely misses you. The ogre misses you.
The goblin hits you but does no damage.
The kobold moves out of view.
You hit the goblin.
The goblin is moderately wounded.
The ball python bites you. The ball python barely misses you.
The ball python closely misses you. The ball python grabs you.
The ball python constricts you. The goblin hits you but does no damage.
The ogre hits you with a +0 giant club!
Ouch! That really hurt!
You die...

.. .. #. # r.. #.# .#
..K.##.# .# $.8w#..)##.##
..w...#....# # #
#r.O..#.#.# #. #.g@.....#
#≈ ##.####.S.....)##≈≈≈
##~....~..~.~...#≈≈≈≈
#..≈≈~~~~≈~~~~~≈~~≈≈≈
#~~~≈~~~~.≈~≈.~~.≈≈≈~#..
.~≈≈~≈.~.~~~~~~≈~≈~≈~..##
#~~~~~~~~~~~~~≈~~~~~....#
#≈~~≈#.~.....~~...~.....#
#≈≈≈≈#..###....####.....#


You could see an ogre, a worm, a dart slug, a quokka, a goblin, a ball python
and a kobold.

Vanquished Creatures
  A worm (D:2)
  4 ball pythons
  A bat (D:1)
  An endoplasm (D:1)
  A hobgoblin (D:1)
  A frilled lizard (D:2)
  2 goblins (D:2)
  A kobold (D:1)
  A rat (D:1)
13 creatures vanquished.

Vanquished Creatures (others)
  A kobold (D:2)
  A plant (D:1)
  A withered plant (D:1)
3 creatures vanquished.

Grand Total: 16 creatures vanquished

Notes
Turn   | Place    | Note
-------+----------+-------------------------------------------
     0 | D:1      | KarmaKiller the Gargoyle Reaver began the quest for the
                  | Orb.
     0 | D:1      | Reached XP level 1. HP: 12/12 MP: 3/3
  1189 | D:1      | Reached XP level 2. HP: 6/7 MP: 5/5
  1196 | D:1      | Learned a level 2 spell: Momentum Strike
  1235 | D:1      | Found a faded altar of an unknown god.
  1242 | D:1      | Learned a level 2 spell: Scorch
  1799 | D:2      | Found Oskunej's Distillery.
  2027 | D:2      | Noticed an ogre
  2036 | D:2      | Mangled by an ogre

Illustrated notes

Levels and vault maps discovered:
D:1:      sevenhm_arrival_forest_fort_small_4, layout_rooms,
          shapermc_ecumenical_altar_gd
D:2:      layout_loops_ring, serial_shops, nicolae_shop_statue_plus,
          mrwooster_statue_mirror, st_stairs_1, chequers_serial_rivers_large_a,
          minmay_bisected, uniq_terence, uniq_natasha, uniq_jessica

Action                   || total
-------------------------++-------
Melee: Mace              ||    11
       Staff             ||    19
 Cast: Kiss of Death     ||     6
       Momentum Strike   ||     4
       Scorch            ||     3
  Use: Scroll            ||     6
Armor: Leather armour    ||    11
Dodge: Dodged            ||    27

Table legend: (Time is in decaauts)
 A = Elapsed time spent in this place.
 B = Non-inter-level travel time spent in this place.
 C = Inter-level travel time spent in this place.
 D = Time resting spent in this place.
 E = Time spent auto-exploring this place.
 F = Levels seen in this place.
 G = Mean time per level.
                   A        B        C        D        E       F      G
               +--------+--------+--------+--------+--------+-----+--------+
         Total |   2054 |   2054 |      0 |   1239 |      0 |   2 | 1027.0 |
       Dungeon |   2054 |   2054 |      0 |   1239 |      0 |   2 | 1027.0 |
               +--------+--------+--------+--------+--------+-----+--------+

Top non-repeatable levels by time:
     D:1: 1664 daAuts
     D:2: 389 daAuts
